 Dungeon Crawl Stone Soup version 0.21-a0-348-ga060c75 (webtiles) character file.

4 Amnesiac the Vexing (level 1, 0/10 HPs)
             Began as a Deep Elf Enchanter on Oct 6, 2017.
             Succumbed to a worker ant's poison
             ... on level 4 of the Dungeon.
             The game lasted 00:01:46 (420 turns).

Amnesiac the Vexing (Deep Elf Enchanter)             Turns: 420, Time: 00:01:46

Health: 0/10       AC:  2    Str:  5    XL:     1   Next: 58%
Magic:  5/6        EV: 13    Int: 19    God:
Gold:   28         SH:  0    Dex: 15    Spells: 4/6 levels left

rFire    . . .     SeeInvis .   a - +1 dagger
rCold    . . .     Gourm    .   (no shield)
rNeg     . . .     Faith    .   b - +0 robe
rPois    .         Spirit   .   (no helmet)
rElec    .         Reflect  .   (no cloak)
rCorr    .         Harm     .   (no gloves)
MR       .....                  (no boots)
Stlth    ++........             (no amulet)
HPRegen  0.03/turn              (no ring)
MPRegen  0.10/turn              (no ring)

@: lethally poisoned (0 -> -11)
A: no striking features
a: no special abilities


You were on level 4 of the Dungeon.
You were not hungry.

You visited 1 branch of the dungeon, and saw 4 of its levels.

You collected 28 gold pieces.

Inventory:

Hand Weapons
 a - a +1 dagger (weapon)
Armour
 b - a +0 robe (worn)
Scrolls
 e - a scroll of identify {!r, unknown}
 h - a scroll of remove curse {!r, unknown}
Books
 c - a book of Maledictions

   Spells                             Type                      Level
   a - Corona                         Hexes                        1
   b - Ensorcelled Hibernation        Hexes/Ice                    2
   c - Confuse                        Hexes                        3
   d - Tukima's Dance                 Hexes                        3
   e - Dazzling Spray                 Conjuration/Hexes            3
 i - a book of Cantrips

   Spells                             Type                      Level
   a - Confusing Touch                Hexes                        1
   b - Animate Skeleton               Necromancy                   1
   c - Summon Small Mammal            Summoning                    1
   d - Apportation                    Translocation                1
Comestibles
 d - a bread ration
 f - 2 meat rations
 g - a chunk of flesh


   Skills:
 + Level 1.7 Short Blades
 - Level 2.4 Dodging
 - Level 3.6 Stealth
 - Level 3.0 Spellcasting
 - Level 4.0 Hexes


You had 4 spell levels left.
You knew the following spells:

 Your Spells              Type           Power        Failure   Level  Hunger
a - Corona                Hex            ###....      3%          1    None
b - Confusing Touch       Hex            ###...       3%          1    None


Dungeon Overview and Level Annotations

Branches:
Dungeon (4/15)
 Temple: D:4-7

Altars:


Message History

You butcher the bat corpse.
g - a chunk of flesh There isn't anything here!
h - a scroll labeled HEOR ODAYLAR {!r}
Found an escape hatch in the floor.
A giant cockroach comes into view.
Found a meat ration.
The helpless giant cockroach fails to defend itself.
You puncture the giant cockroach!
You kill the giant cockroach!
You now have 12 gold pieces.
f - 2 meat rations (gained 1)
You now have 18 gold pieces (gained 6).
There is an escape hatch in the floor here.
You slide downwards.
The hatch slams shut behind you. 2 jackals and 4 orcs come into view.
An orc is wielding a flail of venom.
The jackal barks!
You hear a bark! x2; The orc shouts! x3
Found 23 arrows and a pair of gloves.
Found a stone staircase leading down.
The orc shouts!
You hear an angry hiss. x2
An adder comes into view.
There is a stone staircase leading down here.
The adder hisses angrily.
You hear a bark!
The jackal bites you. The jackal barely misses you.
You climb downwards.
There is a stone staircase leading up here.
Found a glowing mace.
You now have 28 gold pieces (gained 10).
HP restored.
Found a stone staircase leading down.
i - a book of Cantrips A worker ant comes into view.
The worker ant twitches its antennae in your direction.
Okay, then.
You aren't carrying any potions.
Okay, then.
You aren't carrying any potions.
Okay, then.
Memorise Confusing Touch, consuming 1 spell level and leaving 4?
You start memorising the spell.
You continue memorising.
You finish memorising.
Spell assigned to 'b'.
Casting: Corona
Confirm with . or Enter, or press ? or * to list all spells.
Your hands begin to glow red.
The worker ant bites you.
You are lethally poisoned!
The worker ant poisons you!
Wield which item (- for none, * to show all)? (? for menu, Esc to quit)
You are now empty-handed.
You feel sick.
Really attack barehanded?
You hit the worker ant but do no damage.
The worker ant appears confused.
The worker ant bites you.
* * * LOW HITPOINT WARNING * * *
Wield which item (- for none, * to show all)? (? for menu, Esc to quit)
a - a +1 dagger (weapon)
* * * LOW HITPOINT WARNING * * *
You feel sick. The worker ant closely misses you.
You hit the worker ant.
The worker ant is lightly wounded.
* * * LOW HITPOINT WARNING * * *
You feel sick.
You strike the helpless worker ant from behind!
You puncture the worker ant!
The worker ant is almost dead.
The worker ant completely misses you.
You die...

......#.#######
..>............
..
.........#####
.. #######..#
.# # #..# a# #
#..######.# .#
#.........# .#
#.##########.#
#.........@a.#
##############


You could see a worker ant (confused).

Vanquished Creatures
  A leopard gecko (D:1)
  A giant cockroach (D:2)
  A bat (D:2)
  A goblin (D:1)
4 creatures vanquished.

Notes
Turn   | Place    | Note
-------+----------+-------------------------------------------
     0 | D:1      | Amnesiac the Deep Elf Enchanter began the quest for the Orb.
     0 | D:1      | Reached XP level 1. HP: 10/10 MP: 6/6
   405 | D:4      | Noticed a worker ant
   412 | D:4      | Learned a level 1 spell: Confusing Touch
   420 | D:4      | Succumbed to a worker ant's poison

Vault maps used:
D:1:      saegor_arrival_simple_a, grunt_decor_fettered, serial_park_tiny_2
D:2:      gammafunk_temple_overflow_elements, first_bread
D:3:      nemelex_altar_shiori
D:4:      uniq_sigmund

Action                   || total
-------------------------++-------
Melee: Dagger            ||    11
       Unarmed           ||     1
 Cast: Corona            ||     2
       Confusing Touch   ||     1
 Stab: Sleeping          ||     2
       Confused          ||     1
Armor: Robe              ||     4
Dodge: Dodged            ||    12

Table legend:
 A = Spawn XP
 B = Non-spawn XP
 C = Spawn XP percentage of total XP
 D = Spawn monster count
 E = Non-spawn monster count
 F = Spawn count percentage of total count
 G = Total turns spent on level
                    A         B        C        D         E        F      G
               +---------+---------+-------+---------+---------+-------+---------
         Total |       0 |       7 |   0.0 |       0 |       4 |   0.0 |   420
               +---------+---------+-------+---------+---------+-------+---------
           D:1 |       0 |       4 |   0.0 |       0 |       2 |   0.0 |    69
           D:2 |       0 |       3 |   0.0 |       0 |       2 |   0.0 |   282
               +---------+---------+-------+---------+---------+-------+---------
